 Dungeon Crawl Stone Soup version 0.18.1-6-gd335043 (webtiles) character file.

76 HungrySpirit the Charlatan (level 4, -1/25 HPs)
             Began as a Kobold Artificer on May 18, 2016.
             Slain by a jackal (3 damage)
             ... on level 2 of the Dungeon.
             The game lasted 00:03:31 (1935 turns).

HungrySpirit the Charlatan (Kobold Artificer)       Turns: 1935, Time: 00:03:33

Health: -1/25      AC:  4    Str: 10    XL:     4   Next: 57%
Magic:  7/7        EV: 14    Int: 10    God:
Gold:   22         SH:  0    Dex: 16    Spells: 0 memorised, 3 levels left

rFire  . . .     SeeInvis .     a - +0 short sword
rCold  . . .     Gourm    .     b - +0 leather armour
rNeg   . . .     Faith    .     (shield restricted)
rPois  .         Spirit   .     (no helmet)
rElec  .         Dismiss  .     l - +0 cloak
rCorr  .         Reflect  .     (no gloves)
SustAt .         Harm     .     (no boots)
MR     .....                    (no amulet)
Stlth  ++........               (no ring)
                                (no ring)

@: not resistant to hostile enchantments, unstealthy
A: carnivore 3
a: no special abilities


You were on level 2 of the Dungeon.
You were not hungry.

You visited 1 branch of the dungeon, and saw 2 of its levels.

You collected 22 gold pieces.

Inventory:

Hand Weapons
 a - a +0 short sword (weapon)
Armour
 b - a +0 leather armour (worn)
 l - a +0 cloak (worn)
Jewellery
 m - an uncursed amulet of guardian spirit {unknown}
Wands
 c - a wand of flame (0/48)
 d - a wand of enslavement (14/24)
 e - a wand of random effects (15/48)
Scrolls
 g - a scroll of blinking {unknown}
 h - 4 scrolls of identify {unknown}
 k - a scroll of noise {unknown}
 n - a scroll of fear {unknown}
 o - 2 scrolls of fog {unknown}
 p - a scroll of amnesia {unknown}
 r - a scroll of remove curse {unknown}
 s - a scroll of recharging {unknown}
Potions
 i - a potion of flight {unknown}
 q - a potion of haste {unknown}
Comestibles
 f - a meat ration
 j - a beef jerky


   Skills:
 - Level 1.1 Fighting
 * Level 4.4 Short Blades
 - Level 2.4 Dodging
 - Level 1.3 Stealth
 + Level 4.5 Evocations


You had 3 spell levels left.
You didn't know any spells.

Dungeon Overview and Level Annotations

Branches:
Dungeon (2/15)

Altars:


Innate Abilities, Weirdness & Mutations

You are small and have problems with some larger weapons.
You are carnivorous and can eat meat at any time.


Message History

Evoke which item? (* to show all) (? for menu, Esc to quit)
Zapping:
c - a wand of flame (2/48)
Press: ? - help, Shift-Dir - straight line, f - rat, p - adder
Aim: a rat The puff of flame hits the rat.
You kill the rat!
This wand has 1 charge left.
The bat closely misses your adder.
Your adder barely misses the bat.
The jackal bites you but does no damage.
Evoke which item? (* to show all) (? for menu, Esc to quit)
Zapping:
c - a wand of flame (1/48)
Press: ? - help, Shift-Dir - straight line, f - jackal
Aim: a jackal (almost dead)
The puff of flame misses the jackal.
The puff of flame hits the adder.
The adder is heavily wounded.
This wand has 0 charges left.
The bat misses your adder.
Your adder barely misses the bat.
The jackal bites you.
* * * LOW HITPOINT WARNING * * *
The jackal bites you.
You die...

########
#######.......#####
...†....##....?...#
####..............#
####.#####.S......#
#....# ##.....h..#
....#####..b..Sh@.#
###.......#....####
##..#.....#.####
#..#.)......#
#.#.......?.####
..#............###
.##................
..#.........#......
#...........#.####.


You could see an adder, 2 jackals, a bat and a friendly adder.

Vanquished Creatures
  3 adders (D:2)
  3 worms (D:2)
  2 dart slugs
  2 giant geckos (D:1)
  2 giant cockroaches (D:1)
  2 goblins (D:1)
  4 hobgoblins
  4 jackals (D:2)
  A ball python (D:1)
  4 bats
  6 giant newts
  3 kobolds (D:1)
  2 rats
38 creatures vanquished.

Notes
Turn   | Place    | Note
--------------------------------------------------------------
     0 | D:1      | HungrySpirit the Kobold Artificer began the quest for the Orb.
     0 | D:1      | Reached XP level 1. HP: 12/12 MP: 3/3
   154 | D:1      | Reached XP level 2. HP: 10/16 MP: 4/4
   804 | D:1      | Reached XP level 3. HP: 17/20 MP: 6/6
  1361 | D:2      | Reached XP level 4. HP: 25/25 MP: 7/7
  1935 | D:2      | Slain by a jackal

Skill      XL: |  1  2  3  4 |
---------------+-------------+-----
Short Blades   | 2 3 4 |  4.4
Evocations     | 4 |  4.5
Fighting       | |  1.1
Dodging        | |  2.4
Stealth        | |  1.3

Action                   |  1- 3 |  4- 6 || total
-------------------------+-------+-------++-------
Melee: Short sword       |    99 |    56 ||   155
Evoke: Wand              |     4 |    12 ||    16
 Stab: Sleeping          |     2 |     1 ||     3
       Distracted        |     1 |       ||     1
  Eat: Chunk             |     1 |     3 ||     4
Armor: Leather armour    |    16 |    27 ||    43
Dodge: Dodged            |    66 |    69 ||   135
